AoeStats
← Chinese Trade Bot

Arabia

510370418Analyzed
2v2 RM · 1d ago on Sep 30, 2026· 63m 16s· 4 players
Game mode
Random Map
Map size
Medium (4 player)
Population
200
Speed
Normal
Resources
Standard
Victory
Conquest
Starting age
Dark Age
Ending age
Imperial Age
RankedLock teamsTeams togetherTeam positionsShared explorationLock speedFull tech treeHidden civsTurbo modeCheats
Victory
Defeat
🇦🇹 Persians · Austria
781
+15
🇦🇹 Italians · Austria
767
+16
🇩🇪 Franks · Germany
766
-15
🇩🇪 Burgundians · Germany
764
-16
Sheev95
12:03 Feudal Age
10:21 Loom
12:06 Feudal Age
18:32 Castle Age
16:59 Double-Bit Axe
18:10 Scale Barding Armor
17:59 Gold Mining
25:02 Chain Barding Armor
28:40 Gold Shaft Mining
28:42 Wheelbarrow
28:27 Forging
33:48 Light Cavalry
42:12 Imperial Age
42:48 Hand Cart
46:36 Fletching
46:44 Town Watch
47:43 Bow Saw
48:18 Squires
48:06 Arson
47:44 Pikeman
49:53 Elite Skirmisher
51:58 Scale Mail Armor
53:29 Conscription
59:16 Padded Archer Armor
AgeofEmperor669
6:00 Loom
12:21 Feudal Age
11:39 Gold Mining
11:40 Double-Bit Axe
11:45 Horse Collar
19:40 Fletching
24:40 Castle Age
22:56 Forging
23:46 Scale Barding Armor
25:16 Bow Saw
26:05 Chain Barding Armor
26:34 Iron Casting
25:54 Cavalier
27:19 Husbandry
29:35 Wheelbarrow
31:01 Gold Shaft Mining
30:30 Stone Mining
31:47 Padded Archer Armor
37:35 Bodkin Arrow
37:56 Leather Archer Armor
37:51 Burgundian Vineyards
38:24 Herbal Medicine
37:55 Crossbowman
38:49 Pikeman
39:29 Squires
39:32 Scale Mail Armor
40:11 Stone Shaft Mining
39:56 Arson
48:11 Elite Skirmisher
50:28 Two-Man Saw
52:30 Imperial Age
54:26 Chemistry
56:17 Bracer
56:27 Halberdier
Aux Anschluss
12:32 Feudal Age
15:11 Double-Bit Axe
21:27 Castle Age
26:02 Pikeman
37:11 Gold Mining
40:16 Squires
46:26 Ballistics
54:04 Imperial Age
54:20 Padded Archer Armor
54:11 Fletching
60:42 Leather Archer Armor
60:22 Bodkin Arrow
60:04 Elite Genoese Crossbowman
Chinese Trade Bot
5:57 Loom
8:20 Feudal Age
12:05 Double-Bit Axe
13:25 Bloodlines
15:03 Scale Barding Armor
15:31 Horse Collar
16:50 Forging
23:50 Castle Age
28:38 Wheelbarrow
28:20 Husbandry
30:01 Bow Saw
29:53 Heavy Plow
32:14 Chain Barding Armor
34:14 Iron Casting
34:44 Fletching
36:00 Hand Cart
35:57 Stone Mining
43:01 Imperial Age
40:36 Bodkin Arrow
42:52 Heavy Camel Rider
44:24 Bodkin Arrow
47:31 Plate Barding Armor
47:56 Blast Furnace
49:08 Gold Mining
50:21 Two-Man Saw
51:11 Crop Rotation
52:04 Gold Shaft Mining
50:57 Cavalier
52:40 Ballistics
52:17 Murder Holes
52:33 Masonry
52:33 Clinker Construction
52:45 Savar
60:48 Blast Furnace
61:52 Conscription
Connection lost

Rejoining the realm…

Still unreachable

The connection could not be restored.

Session expired

The server has moved on; the page needs a fresh start.